AoeStats
← tjcameron2011

Arena

509949939Analyzed
1v1 RM · 2d ago on Sep 28, 2026· 43m 57s· 2 players
Game mode
Random Map
Map size
Tiny (2 player)
Population
200
Speed
Normal
Resources
Standard
Victory
Conquest
Starting age
Dark Age
Ending age
Imperial Age
RankedLock teamsTeams togetherTeam positionsShared explorationLock speedFull tech treeHidden civsTurbo modeCheats
Victory
Defeat
🇦🇷 Ethiopians · Argentina
677
+15
🇺🇸 Cumans · United States
664
-15
tjcameron2011
10:57 Feudal Age
11:48 Double-Bit Axe
12:47 Wheelbarrow
13:10 Loom
13:22 Gold Mining
14:44 Horse Collar
18:28 Bloodlines
18:51 Fletching
25:50 Padded Archer Armor
26:01 Forging
25:57 Scale Barding Armor
26:03 Town Watch
32:01 Castle Age
30:15 Scale Mail Armor
32:04 Stone Mining
32:36 Light Cavalry
33:05 Pikeman
33:45 Squires
33:33 Arson
34:16 Hand Cart
34:25 Bow Saw
34:17 Heavy Plow
34:13 Capped Ram
35:24 Steppe Husbandry
37:29 Chain Mail Armor
37:50 Iron Casting
37:36 Chain Barding Armor
37:13 Bodkin Arrow
37:34 Leather Archer Armor
41:41 Imperial Age
42:38 Siege Ram
mvaispapir
10:18 Feudal Age
15:19 Castle Age
14:39 Double-Bit Axe
14:35 Horse Collar
14:49 Gold Mining
22:06 Forging
21:57 Scale Mail Armor
22:50 Crossbowman
41:41 Iron Casting
41:22 Chain Mail Armor
41:12 Scale Barding Armor
41:07 Padded Archer Armor
42:59 Fortified Wall
42:48 Murder Holes
43:10 Thumb Ring
Connection lost

Rejoining the realm…

Still unreachable

The connection could not be restored.

Session expired

The server has moved on; the page needs a fresh start.